 Dungeon Crawl Stone Soup version 0.16.2-2-g470672f (webtiles) character file.

536 tognito the Chopper (level 7, 0/91 HPs)
             Began as a Minotaur Berserker on Aug 20, 2015.
             Was an Elder of Trog.
             Succumbed to Thomus' ghost's poison
             ... on level 4 of the Dungeon.
             The game lasted 00:10:40 (2463 turns).

tognito the Chopper (Minotaur Berserker)            Turns: 2463, Time: 00:10:40

Health: 0/91       AC: 10    Str: 28    XL:     7   Next: 4%
Magic:  3/3        EV:  9    Int:  4    God:    Trog [****..]
Gold:   236        SH:  3    Dex: 10    Spells: 0 memorised, 6 levels left

rFire  . . .     SeeInvis .     a - +0 war axe
rCold  . . .     Clarity  +     v - +0 chain mail
rNeg   . . .     SustAb   .     w - +0 buckler
rPois  .         Gourm    .     (helmet restricted)
rElec  .         Spirit   .     q - +0 cloak
rCorr  .         Warding  .     (no gloves)
rMut   .         Stasis   .     (no boots)
MR     .....                    u - amulet of clarity
Stlth  ..........               (no ring)
                                (no ring)

@: berserking, lethally poisoned (0 -> -3), very slightly contaminated, hasted,
very quick, not resistant to hostile enchantments, extremely unstealthy
A: retaliatory headbutt, horns 2
a: Burn Spellbooks, Berserk, Trog's Hand, Brothers in Arms, Renounce Religion


You were on level 4 of the Dungeon.
You worshipped Trog.
Trog was greatly pleased with you.
You were hungry.

You visited 1 branch of the dungeon, and saw 4 of its levels.

You collected 236 gold pieces.

Inventory:

Hand weapons
 a - a +0 war axe (weapon)
 s - a +0 hand axe
 t - a +0 hunting sling
Missiles
 d - 16 bolts
 h - 86 arrows
 n - 42 sling bullets
Armour
 q - a +0 cloak (worn)
 v - a +0 chain mail (worn)
 w - a +0 buckler (worn)
Jewellery
 u - an amulet of clarity (around neck)
Scrolls
 e - 8 scrolls of remove curse {unknown}
 g - 2 scrolls of immolation {unknown}
 i - 2 scrolls of enchant armour {unknown}
 j - a scroll of enchant weapon {unknown}
 k - 4 scrolls of identify {unknown}
 l - a scroll of blinking {unknown}
 p - a scroll of teleportation {unknown}
 r - a scroll of amnesia {unknown}
 x - a scroll of noise {unknown}
Potions
 b - a potion of brilliance
 o - 2 potions of restore abilities
Comestibles
 c - a bread ration
 f - 5 meat rations
 m - a slice of pizza


   Skills:
 + Level 5.6 Fighting
 + Level 5.8 Axes
 + Level 4.8 Armour
 + Level 4.5 Dodging
 + Level 1.0 Stealth


You had 6 spell levels left.
You didn't know any spells.

Dungeon Overview and Level Annotations

Branches:
Dungeon (4/15)
 Temple: D:4-7

Altars:


Innate Abilities, Weirdness & Mutations

You reflexively headbutt those who attack you in melee.
You have a pair of horns on your head.


Message History

Thomus' ghost barely misses you. You furiously retaliate!
You headbutt Thomus' ghost! The orc hits you but does no damage.
You slash Thomus' ghost!
You feel the power of Trog in you as your rage grows.
You destroy Thomus' ghost!
Your Dodging skill increases to level 4!
Your Stealth skill increases to level 1!
You have reached level 6!
Your experience leads to an increase in your attributes!
Your base attributes are Str 22, Int 4, Dex 10.
Increase (S)trength, (I)ntelligence, or (D)exterity?
You feel stronger.
* * * LOW HITPOINT WARNING * * *
You feel sick.
You slash the ogre!
You kill the ogre!
Trog accepts your kill.
You have reached level 7!
The orc hits you but does no damage.
You die...

### ######## .## #..
....... ... ... .....#
#.##.# #.##.####.
.###..#.# #......(#.#
......8..####........#
#...)o@†(........##
#.?.#o###..%......#
#.% #.# #........#.?
#. #.###..#....## #
#........#...##
...##..#....#.#####
.#.....#.........[. .
.##.###.#.#.##### # #
#.# ##>..######


You could see 2 orcs.

Vanquished Creatures
  The ghost of Thomus the Skirmisher, an average DsCK of Xom (D:4)
  An ogre (D:4)
  An orc wizard (D:4)
  A worker ant (D:4)
  8 adders
  3 worms
  3 giant geckos
  2 oozes (D:3)
  3 orcs
  4 bats
  3 giant cockroaches (D:3)
  15 hobgoblins
  14 jackals
  A quokka (D:3)
  2 ball pythons
  5 giant newts
  11 goblins
  15 kobolds
  9 rats
102 creatures vanquished.

Notes
Turn   | Place    | Note
--------------------------------------------------------------
     0 | D:1      | tognito, the Minotaur Berserker, began the quest for the Orb.
     0 | D:1      | Reached XP level 1. HP: 19/19 MP: 1/1
   219 | D:1      | Reached XP level 2. HP: 27/27 MP: 1/1
   270 | D:1      | Reached skill level 4 in Fighting
   272 | D:1      | Acquired Trog's second power
   805 | D:2      | Reached XP level 3. HP: 33/33 MP: 2/2
  1068 | D:2      | Reached XP level 4. HP: 27/41 MP: 2/2
  1660 | D:3      | Reached XP level 5. HP: 33/47 MP: 2/2
  1702 | D:3      | Acquired Trog's third power
  2120 | D:3      | Reached skill level 5 in Axes
  2380 | D:4      | Reached skill level 5 in Fighting
  2441 | D:4      | Noticed an ogre
  2442 | D:4      | Noticed Thomus' ghost (average DsCK)
  2456 | D:4      | HP: 3/72 [orc/trident (5)]
  2461 | D:4      | Killed Thomus' ghost
  2461 | D:4      | Reached skill level 1 in Stealth
  2461 | D:4      | Reached XP level 6. HP: 2/56 MP: 3/3
  2461 | D:4      | HP: 1/84 [poisoned by Thomus' ghost]
  2462 | D:4      | Killed an ogre
  2462 | D:4      | Reached XP level 7. HP: 1/61 MP: 3/3
  2463 | D:4      | Succumbed to Thomus' ghost's poison

Action                   |  1- 3 |  4- 6 |  7- 9 || total
-------------------------+-------+-------+-------++-------
Melee: Hand axe          |    93 |    72 |       ||   165
       War axe           |       |    71 |       ||    71
Invok: Berserk           |       |     1 |       ||     1
  Use: Potion            |     5 |     3 |       ||     8
  Eat: Chunk             |       |     5 |       ||     5
